 Dungeon Crawl Stone Soup version 0.30-a0-702-gdf48620a09 (webtiles) character file.

Game seed: 12325508929246706860

592876 wormed the Ruinous (level 26, -11/175 (178) HPs)
             Began as a Demonspawn Fire Elementalist on Jan 21, 2023.
             Was the Champion of Vehumet.
             Mangled by Josephina
             ... wielding a staff of cold
              (17 damage)
             ... on level 3 of the Realm of Zot.
             The game lasted 03:27:13 (65755 turns).

wormed the Ruinous (Demonspawn Fire Elementalist)  Turns: 65755, Time: 03:27:14

HP:   -11/175 (178) AC: 15    Str: 12    XL:     26   Next: 26%
MP:   0/45          EV: 22    Int: 25    God:    Vehumet [******]
Gold: 9091          SH: 23    Dex: 19    Spells: 23/61 levels left

rFire   + . .      SeeInvis +    l - staff of conjuration
rCold   . . .      Faith    .    m - +2 kite shield {AC+3}
rNeg    . . .      Spirit   +    N - +4 troll leather armour
rPois   +          Reflect  .    z - +0 mask of the Dragon {Will+ Slay+3 SInv}
rElec   +          Harm     .    (cloak unavailable)
rCorr   .          Rampage  .    K - +2 pair of gloves
Will    ++...                    n - +0 pair of boots
Stlth   +++++++                  v - amulet of magic regeneration
HPRegen 1.29/turn                F - ring "Amaha" {rElec rPois Str+2 SInv}
MPRegen 0.98/turn                S - ring "Ugop" {rPois rF+ Dex+3}

@: studying 4 skills, lightly drained
A: large bone plates 3, ignite blood 3, augmentation 3, magic shield, magic
regeneration, weakness stinger 3, frail 1, wild magic 2
}: 3/15 runes: decaying, slimy, silver
a: Renounce Religion


You were on level 3 of the Realm of Zot.
You worshipped Vehumet.
Vehumet was exalted by your worship.
You visited 11 branches of the dungeon, and saw 50 of its levels.
You also visited: Desolation.

You collected 11225 gold pieces.
You spent 2134 gold pieces at shops.

Inventory:

Armour
 m - a +2 kite shield of protection (worn)
 n - a +0 pair of boots (worn)
 z - the +0 mask of the Dragon (worn) {Will+ Slay+3 SInv}
   (You found it on level 1 of the Elven Halls)

   Slay:      It affects your accuracy & damage with ranged weapons and melee
   (+3).
   SInv:      It lets you see invisible.
   Will:      It increases your willpower.
 I - a +2 buckler
 K - a +2 pair of gloves (worn)
 N - a +4 troll leather armour (worn)
Magical Staves
 l - a staff of conjuration (weapon)
 T - a staff of fire
Jewellery
 a - a ring of protection from fire
 b - the ring of Paranoia {Fly rC+ rCorr}
   (You found it on level 3 of the Swamp)

   [ring of flight]

   rC:        It protects you from cold.
   Fly:       It grants you flight.
   rCorr:     It protects you from acid and corrosion.
 p - the ring "Zaecwin" {rElec rPois rC- Int+6 Dex+5}
   (You found it on level 5 of the Pits of Slime)

   [ring of intelligence]

   Int:       It affects your intelligence (+6).
   Dex:       It affects your dexterity (+5).
   rC:        It makes you vulnerable to cold.
   rElec:     It insulates you from electricity.
   rPois:     It protects you from poison.
 v - an amulet of magic regeneration (around neck)
 w - the ring "Wetic" {*Corrode rElec MP+9 Int+3}
   (You found it on level 2 of the Realm of Zot)

   [ring of magical power]

   Int:       It affects your intelligence (+3).
   rElec:     It insulates you from electricity.
   MP:        It affects your magic capacity (+9).
   *Corrode:  It may corrode you when you take damage.
 E - the ring of the Peculiar Portals {Will++ Slay+2 SInv}
   (You bought it in a shop on level 10 of the Dungeon)

   [ring of see invisible]

   Slay:      It affects your accuracy & damage with ranged weapons and melee
   (+2).
   SInv:      It lets you see invisible.
   Will:      It greatly increases your willpower.
 F - the ring "Amaha" (left hand) {rElec rPois Str+2 SInv}
   (You found it on level 5 of the Vaults)

   [ring of see invisible]

   Str:       It affects your strength (+2).
   rElec:     It insulates you from electricity.
   rPois:     It protects you from poison.
   SInv:      It lets you see invisible.
 P - a ring of positive energy
 S - the ring "Ugop" (right hand) {rPois rF+ Dex+3}
   (You took it off a necromancer on level 5 of the Lair of Beasts)

   [ring of protection from fire]

   Dex:       It affects your dexterity (+3).
   rF:        It protects you from fire.
   rPois:     It protects you from poison.
 V - an amulet of regeneration
 Y - a ring of protection from cold
Wands
 L - a wand of digging (15)
Scrolls
 e - 10 scrolls of fear
 f - 11 scrolls of teleportation
 j - 3 scrolls of magic mapping
 k - 5 scrolls of silence
 o - 2 scrolls of blinking
 r - 6 scrolls of brand weapon
 t - 16 scrolls of immolation
 y - a scroll of torment
 B - 10 scrolls of fog
 C - 2 scrolls of poison
 H - 5 scrolls of amnesia
 M - 7 scrolls of enchant weapon
 X - 3 scrolls of butterflies
 Z - 3 scrolls of enchant armour
Potions
 c - 2 potions of invisibility
 d - 5 potions of cancellation
 g - 7 potions of berserk rage
 h - 4 potions of resistance
 i - 7 potions of lignification
 q - 6 potions of attraction
 s - 11 potions of haste
 u - 7 potions of mutation
 x - 11 potions of flight
 D - 9 potions of heal wounds
 G - 25 potions of curing
 J - 7 potions of brilliance
 Q - 7 potions of might
 W - 5 potions of ambrosia


   Skills:
 - Level 14.0 Fighting
 - Level 17.0 Dodging
 - Level 17.0 Stealth
 + Level 13.0 Shields
 - Level 18.1 Spellcasting
 + Level 23.9 Conjurations
 - Level 17.0 Fire Magic
 - Level 17.0 Earth Magic


You had 23 spell levels left.
You knew the following spells:

 Your Spells              Type           Power      Damage    Failure   Level
a - Stone Arrow           Conj/Erth      100%       3d13      1%          3
b - Iron Shot             Conj/Erth      70%        9d13      1%          6
c - Fireball              Conj/Fire      70%        3d26      1%          5
d - Irradiate             Conj/Tmut      57%        3d30      1%          5
f - Fire Storm            Conj/Fire      70%        8d18      41%         9
i - Ignition              Fire           53%        3d15      16%         8
k - Blink                 Tloc           72%        N/A       19%         2

Your spell library contained the following spells:

 Spells                   Type           Power      Damage    Failure   Level
 Foxfire                  Conj/Fire      100%       2x1d9     1%          1
 Kiss of Death            Conj/Necr      100%       2d13      1%          1
 Magic Dart               Conj           100%       1d8       1%          1
 Shock                    Conj/Air       100%       1d9       1%          1
 Scorch                   Fire           100%       2d10      1%          2
 Dazzling Flash           Conj/Hex       100%       N/A       1%          3
 Hailstorm                Conj/Ice       100%       3d20      1%          3
 Ignite Poison            Fire/Tmut/Pois 69%        N/A       1%          3
 Inner Flame              Hex/Fire       81%        N/A       1%          3
 Kindle Blastsparks       Fire/Tloc/Air  100%       2d18      1%          3
 Mephitic Cloud           Conj/Pois/Air  100%       N/A       1%          3
 Flame Wave               Conj/Fire      100%       2d21      1%          4
 Iskenderun's Mystic Bla  Conj/Tloc      100%       2d19      1%          4
 Sticky Flame             Conj/Fire      100%       2d11      1%          4
 Arcjolt                  Conj/Air       57%        1d67      1%          5
 Iskenderun's Battlesphe  Conj           100%       2d15      1%          5
 Lee's Rapid Deconstruct  Erth           53%        3d25*     1%          5
 Starburst                Conj/Fire      70%        6d18      1%          6
 Freeze                   Ice            100%       1d10      3%          1
 Freezing Cloud           Conj/Ice/Air   50%        6-21      3%          5
 Conjure Ball Lightning   Conj/Air       57%        3x3d21    4%          6
 Lehudib's Crystal Spear  Conj/Erth      70%        10d16     4%          8
 Poisonous Vapours        Pois/Air       72%        N/A       5%          2
 Animate Armour           Summ/Erth      100%       N/A       5%          4
 Leda's Liquefaction      Hex/Erth       40%        N/A       5%          4
 Petrify                  Tmut/Erth      81%        N/A       5%          4
 Frozen Ramparts          Ice            72%        1d11      9%          3
 Borgnjor's Vile Clutch   Necr/Erth      40%        N/A       12%         5
 Spellforged Servitor     Conj/Summ      57%        N/A       16%         7
 Call Imp                 Summ           36%        N/A       19%         2
 Cigotuvi's Dreadful Rot  Necr/Pois/Air  72%        N/A       19%         2
 Ensorcelled Hibernation  Hex/Ice        72%        N/A       19%         2
 Lesser Beckoning         Tloc           72%        N/A       19%         2
 Sublimation of Blood     Necr           36%        N/A       19%         2
 Olgreb's Toxic Radiance  Pois           36%        N/A       22%         4
 Call Canine Familiar     Summ           36%        N/A       30%         3
 Confusing Touch          Hex            36%        N/A       30%         3
 Gell's Gravitas          Tloc           36%        N/A       30%         3
 Portal Projectile        Hex/Tloc       72%        N/A       30%         3
 Spider Form              Tmut/Pois      36%        N/A       30%         3
 Teleport Other           Tloc           36%        N/A       30%         3
 Vhi's Electric Charge    Tloc/Air       72%        N/A       30%         3
 Statue Form              Tmut/Erth      54%        N/A       43%         6
 Anguish                  Hex/Necr       18%        N/A       65%         4
 Animate Dead             Necr           36%        N/A       65%         4
 Dispel Undead            Necr           36%        3d15      65%         4
 Ice Form                 Ice/Tmut       36%        N/A       65%         4
 Manifold Assault         Tloc           36%        N/A       65%         4
 Summon Lightning Spire   Summ/Air       36%        N/A       65%         4
 Shatter                  Erth           53%        3d40*     83%         9
 Agony                    Necr           36%        N/A       92%         5
 Blade Hands              Tmut           18%        N/A       92%         5
 Summon Forest            Summ/Tloc      18%        N/A       92%         5
 Summon Mana Viper        Hex/Summ       36%        N/A       92%         5
 Death Channel            Necr           18%        N/A       100%        6
 Simulacrum               Ice/Necr       18%        N/A       100%        6
 Summon Cactus Giant      Summ           18%        N/A       100%        6
 Dragon Form              Tmut           18%        N/A       100%        7
 Enfeeble                 Hex            18%        N/A       100%        7
 Malign Gateway           Summ/Tloc      18%        N/A       100%        7
 Ozocubu's Refrigeration  Ice            18%        4d11      100%        7
 Storm Form               Tmut/Air       18%        N/A       100%        7
 Summon Hydra             Summ           18%        N/A       100%        7
 Infestation              Necr           18%        N/A       100%        8
 Maxwell's Capacitive Co  Air            18%        ∞         100%        8
 Necromutation            Tmut/Necr      18%        N/A       100%        8
 Summon Horrible Things   Summ           18%        N/A       100%        8
 Chain Lightning          Conj/Air       57%        3d76      100%        9
 Polar Vortex             Ice            18%        N/A       100%        9


Dungeon Overview and Level Annotations

Branches:
Dungeon (15/15)            Temple (1/1) D:5            Lair (5/5) D:8
  Swamp (4/4) Lair:3        Snake (0/4) Lair:3        Slime (5/5) Lair:4
    Orc (2/2) D:11            Elf (3/3) Orc:2        Vaults (5/5) D:13
  Crypt (3/3) Vaults:2       Tomb (0/3) Crypt:3      Depths (4/4) D:15
    Zot (3/5) Depths:4    Desolation (visited)

Altars:
Ashenzari
Cheibriados
Dithmenos
Fedhas
Gozag
Hepliaklqana
Kikubaaqudgha
Makhleb
Nemelex Xobeh
Okawaru
Qazlal
Ru
Sif Muna
Trog
Uskayaw
Vehumet
Wu Jian
Xom
Yredelemnul
Jiyva

Shops:
D:1 (   D:10 =   Orc:2 [[!((   Vaults:2 **:?(   Vaults:5 (   Depths:4 :

Portals:
Hell: Depths:1 Depths:2 Depths:3 Depths:4
Abyss: Lair:5 Depths:2 Depths:3
Pandemonium: Depths:2 Depths:3
Ziggurat: Depths:1

Annotations:
Lair:5 1 transporter, exclusion: obsidian statue, ctx's ghost, journeyman GnEE
Elf:1 6 runed translucent doors
Depths:2 1 transporter
Zot:3 Josephina


Innate Abilities, Weirdness & Mutations

You are completely covered in large bone plates. (SH +8)
Your demonic aura causes all spilled blood to erupt in flames.
Your magical and physical power is greatly enhanced at high health.
When hurt, damage is shared between your health and your magic reserves.
You regenerate magic rapidly.
You have a sharp stinger which inflicts weakening toxins.
You are frail. (-10% HP)
Your spells are harder to cast, but more powerful.


Message History

You block the purple draconian simulacrum's attack.
You block the storm dragon simulacrum's attack.
The storm dragon simulacrum barely misses you.
The storm dragon simulacrum closely misses you.
You block Josephina's attack. x2
Casting: Iron Shot (mildly dangerous; 1% risk of failure)
Confirm with . or Enter, or press ? or * to list all spells.
Aiming: Iron Shot (mildly dangerous; 1% risk of failure)
Press: ? - help, Shift-Dir - straight line, f/p - Josephina
Aim: Josephina, wielding a staff of cold, wearing a +1 robe of willpower and wearing the ring "Vehoipue" {Ice rElec} (heavily damaged, 63% to hit)
You feel a surge of power!
The iron shot misses Josephina.
You block the purple draconian simulacrum's attack.
You block the storm dragon simulacrum's attack.
The storm dragon simulacrum claws you!
The storm dragon simulacrum freezes you!!
You block the storm dragon simulacrum's attack.
Josephina barely misses you. Josephina touches you!
You feel drained.
Casting: Iron Shot (mildly dangerous; 1% risk of failure)
Confirm with . or Enter, or press ? or * to list all spells.
Aiming: Iron Shot (mildly dangerous; 1% risk of failure)
Press: ? - help, Shift-Dir - straight line, f/p - Josephina
Aim: Josephina, wielding a staff of cold, wearing a +1 robe of willpower and wearing the ring "Vehoipue" {Ice rElec} (heavily damaged, 61% to hit)
You feel a surge of power!
The iron shot misses Josephina.
You block the purple draconian simulacrum's attack.
The storm dragon simulacrum closely misses you.
The storm dragon simulacrum barely misses you.
The storm dragon simulacrum closely misses you.
Josephina hits you with a staff of cold!
Josephina freezes you!!! Josephina freezes you!!
Josephina touches you but does no damage.
Casting: Iron Shot (mildly dangerous; 1% risk of failure)
Confirm with . or Enter, or press ? or * to list all spells.
You don't have enough magic to cast this spell.
Josephina attacks as you move away!
Josephina hits you with a staff of cold!
* * * LOW HITPOINT WARNING * * *
Josephina freezes you!!!
* * * LOW HITPOINT WARNING * * *
Josephina freezes you!
You die...

#####
#@Z.#
#☼ZL.#
#..####
#..#
#.Z#
###


You could see Josephina, a storm dragon simulacrum, a yellow draconian
simulacrum and a purple draconian simulacrum.

Vanquished Creatures
  Dissolution (Slime:2)
  the Royal Jelly (Slime:5)
  A dread lich (Crypt:3)
  An orb of fire (Zot:1)
  2 juggernauts (Depths:3)
  Mara (Vaults:2)
  Boris (Vaults:2)
  2 curse toes (Zot:2)
  Saint Roka (Vaults:2)
  9 caustic shrikes (Depths:4)
  3 golden dragons
  Nikola (Vaults:1)
  3 bone dragons
  An electric golem (Zot:1)
  Zenata (Vaults:2)
  12 tentacled monstrosities
  A walking earthen tome (Depths:3)
  The ghost of Gudivaci the Devastator, an adept DrCj of Sif Muna (Swamp:3)
  3 titans
  9 liches
  2 deep elf blademasters
  3 walking divine tomes (Depths:3)
  25 acid blobs
  4 deep elf master archers (Elf:3)
  3 quicksilver dragons
  3 death cobs
  7 ancient champions
  8 shadow dragons
  Gastronok (Lair:1)
  8 sphinxes
  8 storm dragons
  9 tengu reavers
  A draconian monk (Depths:4)
  2 revenants
  A fenstrider witch (Swamp:2)
  12 fire giants
  8 azure jellies
  8 deep elf sorcerers
  13 rockslimes
  4 draconian knights
  3 imperial myrmidons (Desolation)
  16 frost giants
  Louise (D:15)
  An emperor scorpion (shapeshifter) (Vaults:3)
  A curse skull (Crypt:1)
  3 draconian scorchers
  3 iron dragons
  14 vault wardens
  2 angels (Vaults:3)
  2 draconian shifters
  2 ghost moths
  4 ghouls
  4 deep elf elementalists (Elf:3)
  10 quicksilver oozes
  A draconian stormcaller (Zot:1)
  2 juggernaut skeletons (Crypt:3)
  2 orc warlords (Depths:1)
  A caustic shrike skeleton (Crypt:3)
  3 spriggan defenders
  9 very ugly things
  3 war gargoyles
  16 stone giants
  21 ironbound preservers
  8 vampire knights
  7 ironbound thunderhulks
  A reaper (Crypt:3)
  3 black draconians (Zot:1)
  7 green draconians
  6 deep elf demonologists
  A dire elephant (shapeshifter) (Vaults:5)
  5 white draconians
  7 eleionomae
  22 dire elephants
  A lorocyproca (Depths:3)
  8 spark wasps
  8 purple draconians
  14 red draconians
  4 bunyips
  12 deep elf annihilators
  9 yellow draconians
  A minotaur (Orc:2)
  14 ettins
  An ettin (shapeshifter) (Vaults:5)
  6 fire dragons
  12 deep elf death magi
  8 eidola
  An entropy weaver (shapeshifter) (Depths:2)
  11 deep elf high priests
  The ghost of Pokonic1 the Protected, a journeyman MiMo of Qazlal (Orc:2)
  3 jiangshi (Crypt:2)
  10 yaktaur captains
  3 entropy weavers (Vaults:4)
  8 great orbs of eyes
  A merfolk impaler (Depths:4)
  5 ice dragons
  7 servants of whispers (Desolation)
  A spriggan zombie (Crypt:2)
  7 peacekeepers
  3 rakshasas
  6 ragged hierophants (Desolation)
  A quicksilver dragon skeleton (Depths:3)
  30 vault guards
  8 ironbound frosthearts
  2 hell beasts
  12 hydras
  3 spriggan air magi (Depths:4)
  6 ghost crabs
  9 ogre magi
  5 boulder beetles
  16 centaur warriors
  An anaconda (shapeshifter) (Vaults:5)
  3 fenstrider witch skeletons
  4 spriggan skeletons
  3 death knights
  11 deep troll shamans
  3 death yaks
  34 two-headed ogres
  Erica (D:10)
  32 dancing weapons
  4 orc high priests
  10 alligators
  8 vampire magi
  2 hell hogs (Depths:1)
  6 tengu warriors
  7 deep troll earth magi
  4 spriggan berserkers
  22 deep elf knights
  18 hell knights
  A sun demon (Depths:2)
  A storm dragon zombie (Crypt:1)
  62 skeletal warriors
  A salamander mystic (Depths:1)
  4 soul eaters
  11 iron trolls
  A shadow wraith (Crypt:2)
  A titan skeleton (Crypt:3)
  4 goliath frogs
  A death drake (Swamp:4)
  2 spectral death yaks (Lair:5)
  A sixfirhy (Depths:2)
  A spectral anaconda (Lair:5)
  A deep troll (shapeshifter) (Vaults:5)
  84 deep trolls
  7 glowing orange brains
  A swamp dragon (shapeshifter) (Depths:3)
  3 swamp dragons
  4 flayed ghosts
  A spriggan druid (Swamp:4)
  A spectral hydra (Swamp:4)
  An orb spider (shapeshifter) (D:15)
  7 bog bodies
  2 anaconda skeletons
  10 deep elf archers
  5 orc knights
  A tengu zombie (Depths:3)
  11 wizards
  20 ironbound convokers
  12 necromancers
  8 harpies
  24 deep elf pyromancers
  A bunyip skeleton (Crypt:3)
  25 deep elf zephyrmancers
  The ghost of testman the Reanimator, a novice DsNe of Lugonu (D:7)
  10 lindwurms
  12 phantasmal warriors
  2 oklob plants
  34 ugly things
  A fire giant zombie (Depths:3)
  A mana viper (shapeshifter) (Vaults:5)
  6 shining eyes
  4 cyclopes
  A manticore (shapeshifter) (D:15)
  A shining eye (shapeshifter) (D:15)
  3 frost giant zombies
  5 orc sorcerers
  A goliath frog skeleton (Crypt:1)
  24 moths of wrath
  2 shadow dragon skeletons
  4 will-o-the-wisps
  A manticore (D:13)
  2 dire elephant zombies (Lair:5)
  2 salamanders (Depths:1)
  2 naga magi (Vaults:4)
  16 vault sentinels
  An eleionoma skeleton (Crypt:2)
  5 elephants (Lair:5)
  Joseph (D:8)
  A guardian serpent (shapeshifter) (D:15)
  17 cane toads
  A molten gargoyle (Desolation)
  2 black mambas
  A torpor snail (Lair:2)
  2 gargoyles (D:12)
  2 eyes of devastation
  3 orange demons
  3 kobold demonologists (D:12)
  3 guardian serpents (Desolation)
  2 dire elephant skeletons (Crypt:3)
  Maggie (D:7)
  A golden dragon simulacrum (Depths:3)
  An unseen horror (D:11)
  A shock serpent skeleton (Crypt:1)
  40 yaktaurs
  An efreet (D:13)
  8 rime drakes
  7 komodo dragons
  4 swamp worm zombies (Swamp:4)
  An ice devil (Depths:3)
  2 red devils
  3 freezing wraiths
  6 tengu conjurers
  A white draconian skeleton (Crypt:1)
  A sea snake skeleton (Crypt:1)
  A merfolk (shapeshifter) (Depths:3)
  12 trolls
  A purple draconian skeleton (Crypt:2)
  6 hydra zombies (Swamp:4)
  4 bloated husks
  2 tengu simulacra
  14 hornets
  56 saltlings (Desolation)
  13 tyrant leeches
  4 harpy skeletons (Crypt:3)
  A shadow dragon simulacrum (Vaults:3)
  2 spectral swamp dragons (Swamp:4)
  A hydra skeleton (Crypt:3)
  6 blink frogs
  2 alligator zombies (Swamp:4)
  7 dream sheep (Lair:5)
  An iron dragon simulacrum (Depths:3)
  3 spectral elephants (Lair:5)
  3 centaur simulacra
  122 slime creatures
  9 flying skulls (Crypt:3)
  5 air elementals
  2 ettin skeletons (Crypt:3)
  4 shadows
  15 wyverns
  13 spriggans
  A dire elephant simulacrum (Lair:5)
  A yak (shapeshifter) (Elf:3)
  A vampire (D:8)
  2 ice dragon skeletons
  8 water elementals
  8 wraiths
  A spriggan (shapeshifter) (Elf:3)
  A wyvern (shapeshifter) (Elf:1)
  4 fire elementals
  Grum (D:8)
  52 yaks
  11 golden eyes
  2 steam dragons
  A redback (shapeshifter) (Vaults:5)
  8 basilisks
  The ghost of testman the Trooper, an amateur DjWr (D:3)
  7 redbacks (Vaults:4)
  13 vampire mosquitoes
  A death yak simulacrum (Lair:4)
  4 nagas (Lair:3)
  16 swamp worms
  5 wargs
  16 water moccasins
  The ghost of tinescath the Digger, an amateur GrEE (D:4)
  2 demonspawn skeletons
  A floating eye (shapeshifter) (Vaults:5)
  2 hell hounds (Lair:4)
  A two-headed ogre zombie (D:11)
  A swamp drake (Swamp:1)
  An ice beast (D:7)
  17 orc warriors
  A sky beast (D:8)
  4 black bears
  2 swamp dragon zombies
  A manticore zombie (Crypt:3)
  2 ettin simulacra
  33 ogres
  The ghost of NalNutta the Chopper, an amateur DsBe of Trog (D:4)
  17 centaurs
  18 wolves
  An elephant skeleton (Lair:5)
  8 phantoms
  5 kobold brigands
  A salamander zombie (Crypt:1)
  The ghost of OTABOTABOTAB the Conjurer, an amateur DECj (D:4)
  4 necrophages
  3 gnoll sergeants
  3 scorpions
  11 bullfrogs
  A cyclops zombie (Crypt:2)
  4 earth elementals
  3 cane toad simulacra
  10 wights
  A water moccasin skeleton (Crypt:3)
  A troll zombie (D:11)
  6 killer bees
  6 howler monkeys
  2 electric eels (Lair:2)
  A wolf skeleton (Crypt:3)
  18 orc priests
  5 hounds
  3 jellies
  2 centaur skeletons
  A bullfrog skeleton (Crypt:3)
  9 iguanas
  Jessica (D:2)
  21 orc wizards
  2 spectral swamp drakes (Swamp:4)
  9 hell rats
  2 polar bear simulacra (Lair:4)
  2 wolf simulacra (Lair:4)
  6 ogre zombies (D:11)
  3 naga skeletons
  An acid dragon skeleton (Crypt:3)
  3 swamp drake zombies (Swamp:4)
  5 adders
  15 gnolls
  3 shadow imps
  2 ufetubi (D:6)
  An adder skeleton (Crypt:2)
  2 worms (D:2)
  A dart slug (D:5)
  75 orcs
  8 ball pythons
  5 bats
  6 endoplasms
  7 giant cockroaches
  A gnoll zombie (Crypt:1)
  9 goblins
  6 hobgoblins
  6 quokkas
  2 frilled lizards
  A goblin skeleton (D:11)
  2 goblin zombies (D:11)
  2 hobgoblin skeletons (D:11)
  2 hobgoblin zombies (D:11)
  36 kobolds
  An orc skeleton (D:11)
  17 orc zombies (D:11)
  2 quokka zombies (Crypt:3)
  5 rats
  2 bushes (Lair:5)
2346 creatures vanquished.

Vanquished Creatures (collateral kills)
  4 foxfires
4 creatures vanquished.

Vanquished Creatures (others)
  A goliath frog (Swamp:1)
  A bloated husk (Swamp:4)
  1185 foxfires
  35 fungi
  67 plants
  25 withered plants
1314 creatures vanquished.

Grand Total: 3664 creatures vanquished

Notes
Turn   | Place    | Note
-------+----------+-------------------------------------------
     0 | D:1      | wormed the Demonspawn Fire Elementalist began the quest for
                  | the Orb.
     0 | D:1      | Reached XP level 1. HP: 13/13 MP: 3/3
   102 | D:1      | Found Plog's Weapon Boutique.
   179 | D:1      | Gained mutation: You are partially covered in large bone
                  | plates. (SH +4) [demonic ancestry]
   179 | D:1      | Reached XP level 2. HP: 20/20 MP: 0/5
   385 | D:1      | Found a faded altar of an unknown god.
   957 | D:1      | Learned a level 2 spell: Scorch
  1180 | D:1      | Gained mutation: You regenerate magic rapidly. [demonic
                  | ancestry]
  1180 | D:1      | Reached XP level 3. HP: 25/25 MP: 3/6
  1261 | D:1      | Learned a level 3 spell: Inner Flame
  1316 | D:2      | Reached skill level 1 in Fighting
  1360 | D:2      | Noticed Jessica
  1374 | D:2      | Killed Jessica
  1487 | D:2      | Found the +18 Lear's hauberk
  1705 | D:2      | Reached XP level 4. HP: 32/32 MP: 2/7
  2379 | D:3      | Found an iron altar of Okawaru.
  2379 | D:3      | Noticed a scorpion
  2399 | D:3      | Killed a scorpion
  2400 | D:3      | Reached skill level 2 in Conjurations
  2400 | D:3      | Reached XP level 5. HP: 23/38 MP: 1/9
  2855 | D:3      | Found a runed translucent gate.
  2856 | D:3      | Found a runed translucent gate.
  2856 | D:3      | Noticed testman's ghost (amateur DjWr)
  2858 | D:3      | Found a runed translucent gate.
  3790 | D:3      | Identified 2 scrolls of acquirement
  3790 | D:3      | Acquired 1018 gold pieces
  3848 | D:3      | Acquired 1164 gold pieces
  4213 | D:4      | You fall into a shaft and drop 2 floors!
  4228 | D:6      | Noticed an ogre
  4234 | D:6      | Killed an ogre
  4235 | D:6      | Reached XP level 6. HP: 21/44 MP: 5/10
  4331 | D:6      | Found a blossoming altar of Fedhas.
  4641 | D:6      | Found a glowing drain.
  4668 | D:5      | Entered Level 5 of the Dungeon
  4705 | D:5      | Found a staircase to the Ecumenical Temple.
  4966 | D:4      | Found a runed translucent gate.
  4966 | D:4      | Found a runed translucent gate.
  4966 | D:4      | Found a runed translucent gate.
  4985 | D:4      | Noticed NalNutta's ghost (amateur DsBe)
  4985 | D:4      | Noticed tinescath's ghost (amateur GrEE)
  4985 | D:4      | Noticed OTABOTABOTAB's ghost (amateur DECj)
  5257 | D:4      | Reached skill level 3 in Conjurations
  5257 | D:4      | Gained mutation: Your demonic aura sometimes causes spilled
                  | blood to erupt in flames. [demonic ancestry]
  5257 | D:4      | Reached XP level 7. HP: 51/51 MP: 4/12
  5893 | D:3      | Acquired an Everburning Encyclopedia
  6010 | Temple   | Entered the Ecumenical Temple
  6058 | Temple   | Became a worshipper of Vehumet
  6673 | D:5      | Gained mutation: You have a small tail. [demonic ancestry]
  6673 | D:5      | Reached XP level 8. HP: 52/58 MP: 0/14
  6815 | D:5      | Reached skill level 4 in Conjurations
  7220 | D:5      | Found an opulent altar of Gozag.
  7322 | D:5      | Learned a level 4 spell: Flame Wave
  7596 | D:6      | Found a basalt altar of Yredelemnul.
  7674 | D:6      | Reached skill level 5 in Fire Magic
  7947 | D:6      | Reached XP level 9. HP: 34/66 MP: 3/16
  7959 | D:6      | Noticed a two-headed ogre
  8021 | D:6      | Identified the +7 spear of the Riding Mosquito {venom,
                  | rPois}
  8055 | D:6      | Reached skill level 5 in Stealth
  8055 | D:6      | Reached skill level 5 in Spellcasting
  8098 | D:6      | Killed a two-headed ogre
  8098 | D:6      | Reached * piety under Vehumet
  8098 | D:6      | Offered knowledge of Magic Dart by Vehumet.
  8099 | D:6      | Reached skill level 5 in Dodging
  8099 | D:6      | Reached skill level 5 in Conjurations
  8298 | D:6      | Reached skill level 5 in Fighting
  9033 | D:7      | Noticed Maggie
  9107 | D:7      | Offered knowledge of Freeze by Vehumet.
  9121 | D:7      | Reached ** piety under Vehumet
  9226 | D:7      | Found a runed translucent gate.
  9226 | D:7      | Found a runed translucent gate.
  9226 | D:7      | Found a runed translucent gate.
  9226 | D:7      | Noticed testman's ghost (novice DsNe)
  9422 | D:7      | Killed Maggie
  9423 | D:7      | Reached skill level 6 in Conjurations
  9423 | D:7      | Gained mutation: You have a tail ending in a sharp stinger.
                  | [demonic ancestry]
  9423 | D:7      | Reached XP level 10. HP: 76/76 MP: 11/18
  9999 | D:8      | Noticed a deep elf pyromancer
 10003 | D:8      | Noticed a centaur warrior
 10031 | D:8      | Noticed Grum
 10037 | D:8      | Killed Grum
 10124 | D:8      | Found a transporter.
 10148 | D:8      | Found a sparkling altar of Nemelex Xobeh.
 10175 | D:8      | Found a shimmering altar of Xom.
 10219 | D:8      | Offered knowledge of Dazzling Flash by Vehumet.
 10483 | D:8      | Reached *** piety under Vehumet
 10512 | D:8      | Found a hide-covered altar of Uskayaw.
 10592 | D:8      | Noticed Joseph
 10603 | D:8      | Killed Joseph
 10711 | D:8      | Found a hazy altar of Hepliaklqana.
 10742 | D:8      | Found a transporter.
 10757 | D:8      | Found a burning altar of Makhleb.
 10862 | D:8      | Offered knowledge of Stone Arrow by Vehumet.
 10867 | D:8      | Learned a level 3 spell: Stone Arrow
 11014 | D:8      | Found a staircase to the Lair.
 11242 | D:9      | Noticed a two-headed ogre
 11247 | D:9      | Killed a two-headed ogre
 11251 | D:9      | Reached skill level 7 in Conjurations
 11251 | D:9      | Reached XP level 11. HP: 64/83 MP: 16/21
 11511 | D:9      | Paralysed by a hornet for 2 turns
 12068 | D:10     | Entered Level 10 of the Dungeon
 12353 | D:10     | Found Punky's Jewellery Boutique.
 12419 | D:10     | Reached **** piety under Vehumet
 12432 | D:10     | Noticed Erica
 12439 | D:10     | Killed Erica
 12439 | D:10     | Offered knowledge of Mephitic Cloud by Vehumet.
 12575 | D:10     | Bought the ring of the Peculiar Portals {Will++ Slay+2
                  | SInv} for 532 gold pieces
 12865 | D:3      | Killed testman's ghost
 12977 | D:4      | Killed OTABOTABOTAB's ghost
 12985 | D:4      | Killed NalNutta's ghost
 12986 | D:4      | Killed tinescath's ghost
 13083 | D:7      | Killed testman's ghost
 13231 | Lair:1   | Entered Level 1 of the Lair of Beasts
 13263 | Lair:1   | Noticed Gastronok
 13379 | Lair:1   | Killed Gastronok
 13390 | Lair:1   | Reached skill level 8 in Conjurations
 13646 | Lair:1   | Reached XP level 12. HP: 65/92 MP: 18/23
 14347 | Lair:2   | Noticed a death yak
 14349 | Lair:2   | Reached ***** piety under Vehumet
 14423 | Lair:2   | Noticed a six-headed hydra
 14447 | Lair:2   | Killed a six-headed hydra
 14575 | Lair:2   | Offered knowledge of Iron Shot by Vehumet.
 14584 | Lair:2   | Learned a level 6 spell: Iron Shot
 15227 | Lair:2   | Killed a death yak
 16092 | Lair:3   | Reached skill level 9 in Conjurations
 16115 | Lair:3   | Found a staircase to the Snake Pit.
 16302 | Lair:3   | Noticed a six-headed hydra
 16320 | Lair:3   | Killed a six-headed hydra
 16320 | Lair:3   | HP: 1/95 [spore (12)]
 16459 | Lair:3   | Noticed a five-headed hydra
 16472 | Lair:3   | Noticed a six-headed hydra
 16473 | Lair:3   | Killed a five-headed hydra
 16474 | Lair:3   | Reached XP level 13. HP: 75/101 MP: 18/25
 16546 | Lair:3   | Found a staircase to the Swamp.
 17065 | Lair:4   | HP: 5/101 [poisoned by a cane toad]
 17283 | Lair:4   | Found a frozen archway.
 17292 | Lair:4   | Found a staircase to the Slime Pits.
 17479 | Lair:4   | Offered knowledge of Irradiate by Vehumet.
 18128 | Lair:5   | Entered Level 5 of the Lair of Beasts
 18133 | Lair:5   | Reached skill level 10 in Stealth
 18215 | Lair:5   | Reached skill level 10 in Conjurations
 18352 | Lair:5   | Reached skill level 10 in Fighting
 18544 | Lair:5   | Found a one-way gate to the infinite horrors of the Abyss.
 18544 | Lair:5   | Noticed ctx's ghost (journeyman GnEE)
 18725 | Lair:5   | Found a transporter.
 18725 | Lair:5   | Found a transporter.
 18796 | Lair:5   | Noticed a dire elephant
 19036 | Lair:5   | Reached XP level 14. HP: 53/105 MP: 11/27
 19101 | Lair:5   | Identified the ring "Ugop" {rPois rF+ Dex+3}
 19869 | Lair:5   | Reached skill level 10 in Spellcasting
 19907 | Lair:5   | Reached skill level 10 in Dodging
 20230 | D:11     | Reached skill level 10 in Fire Magic
 20733 | D:10     | Learned a level 5 spell: Irradiate
 20775 | D:11     | Offered knowledge of Lightning Bolt by Vehumet.
 21078 | D:11     | Found a staircase to the Orcish Mines.
 22880 | D:13     | Reached skill level 11 in Conjurations
 23217 | D:13     | Found a gate to the Vaults.
 23229 | D:13     | Offered knowledge of Eringya's Noxious Bog by Vehumet.
 23507 | D:14     | Found an opulent altar of Gozag.
 23626 | D:14     | Gained mutation: You have a sharp stinger which inflicts
                  | weakening toxins. [demonic ancestry]
 23626 | D:14     | Reached XP level 15. HP: 90/119 MP: 27/29
 24053 | D:15     | Entered Level 15 of the Dungeon
 24204 | D:15     | Noticed Louise
 24217 | D:15     | Killed Louise
 24286 | D:15     | Found a broken altar of Ashenzari.
 24391 | D:15     | Gained mutation: Your body sometimes deteriorates upon
                  | taking damage. [a shining eye]
 24393 | D:15     | Gained mutation: You occasionally lose the ability to read
                  | scrolls when taking damage. [a shining eye]
 24489 | D:15     | Lost mutation: Your body sometimes deteriorates upon taking
                  | damage. [potion of mutation]
 24489 | D:15     | Lost mutation: You occasionally lose the ability to read
                  | scrolls when taking damage. [potion of mutation]
 24489 | D:15     | Gained mutation: You are frail. (-10% HP) [potion of
                  | mutation]
 24489 | D:15     | Gained mutation: Your flesh is cold resistant. (rC+)
                  | [potion of mutation]
 24489 | D:15     | Gained mutation: Your body sometimes deteriorates upon
                  | taking damage. [potion of mutation]
 24489 | D:15     | Gained mutation: You have sharp toenails. [potion of
                  | mutation]
 25122 | D:15     | Found a staircase to the Depths.
 25298 | Orc:1    | Entered Level 1 of the Orcish Mines
 25322 | Orc:1    | Reached ****** piety under Vehumet
 25623 | Orc:2    | Entered Level 2 of the Orcish Mines
 25720 | Orc:2    | Noticed Pokonic1's ghost (journeyman MiMo)
 25745 | Orc:2    | Reached skill level 1 in Earth Magic
 26271 | Orc:2    | Found Cawk's Weapon Emporium.
 26271 | Orc:2    | Found Lequhusch's Distillery.
 26280 | Orc:2    | Found Noziagem's Weapon Boutique.
 26280 | Orc:2    | Found Plog's Antique Armour Shoppe.
 26321 | Orc:2    | Found Folevec's Antique Armour Shoppe.
 26386 | Orc:2    | Offered knowledge of Spellforged Servitor by Vehumet.
 26409 | Orc:2    | Found a runed translucent gate.
 26409 | Orc:2    | Found a runed translucent gate.
 26409 | Orc:2    | Found a runed translucent gate.
 26439 | Orc:2    | Found a staircase to the Elven Halls.
 27097 | Orc:2    | Killed Pokonic1's ghost
 27256 | Orc:2    | Learned a level 8 spell: Ignition
 27378 | D:8      | Gained mutation: Your demonic aura often causes spilled
                  | blood to erupt in flames. [demonic ancestry]
 27378 | D:8      | Reached XP level 16. HP: 100/116 MP: 8/32
 27674 | Swamp:1  | Entered Level 1 of the Swamp
 27924 | Swamp:1  | Identified the +0 hand axe "Figuen" {speed, +Blink rElec
                  | rF++ rC-}
 27961 | Swamp:1  | Identified the +0 pair of gloves of Freezing Music {rN++
                  | Str+2 Int+2}
 27964 | Swamp:1  | Identified the +4 broad axe of Lyutej {freeze, Dex+2}
 28453 | Swamp:2  | Lost mutation: Your body sometimes deteriorates upon taking
                  | damage. [potion of mutation]
 28453 | Swamp:2  | Lost mutation: You are frail. (-10% HP) [potion of
                  | mutation]
 28453 | Swamp:2  | Gained mutation: You are frail. (-10% HP) [potion of
                  | mutation]
 28482 | Swamp:2  | Lost mutation: Your flesh is cold resistant. (rC+) [potion
                  | of mutation]
 28482 | Swamp:2  | Lost mutation: You have sharp toenails. [potion of
                  | mutation]
 28482 | Swamp:2  | Gained mutation: You expend magic power (3 MP) to
                  | strengthen your wands. [potion of mutation]
 28553 | Swamp:2  | Reached skill level 5 in Earth Magic
 28555 | Swamp:2  | Lost mutation: You expend magic power (3 MP) to strengthen
                  | your wands. [potion of mutation]
 28555 | Swamp:2  | Lost mutation: You are frail. (-10% HP) [potion of
                  | mutation]
 28555 | Swamp:2  | Gained mutation: You are frail. (-10% HP) [potion of
                  | mutation]
 28555 | Swamp:2  | Gained mutation: You have supernaturally acute eyesight.
                  | (SInv) [potion of mutation]
 28555 | Swamp:2  | Gained mutation: You expend magic power (3 MP) to
                  | strengthen your wands. [potion of mutation]
 28823 | Swamp:2  | Identified the +1 scale mail of Qazlal's Displeasure {rF+
                  | rC+ Will+ Str+3}
 29183 | Swamp:2  | Offered knowledge of Fireball by Vehumet.
 29197 | Swamp:2  | Learned a level 5 spell: Fireball
 29197 | Swamp:2  | Lost mutation: You are frail. (-10% HP) [potion of
                  | mutation]
 29197 | Swamp:2  | Lost mutation: You have supernaturally acute eyesight.
                  | (SInv) [potion of mutation]
 29197 | Swamp:2  | Gained mutation: You have hidden genetic defects. [potion
                  | of mutation]
 29197 | Swamp:2  | Gained mutation: You have a pair of small antennae on your
                  | head. [potion of mutation]
 29512 | Swamp:2  | Lost mutation: You have hidden genetic defects. [potion of
                  | mutation]
 29512 | Swamp:2  | Lost mutation: You have a pair of small antennae on your
                  | head. [potion of mutation]
 29512 | Swamp:2  | Lost mutation: You expend magic power (3 MP) to strengthen
                  | your wands. [potion of mutation]
 29512 | Swamp:2  | Gained mutation: You are frail. (-10% HP) [potion of
                  | mutation]
 29512 | Swamp:2  | Gained mutation: Your mind is acute. (Int +4, Str/Dex -1)
                  | [potion of mutation]
 29512 | Swamp:2  | Gained mutation: You are agile. (Dex +4, Str/Int -1)
                  | [potion of mutation]
 30035 | Swamp:3  | Found a runed translucent door.
 30036 | Swamp:3  | Noticed Gudivaci's ghost (adept DrCj)
 30037 | Swamp:3  | Noticed a tentacled monstrosity
 30203 | Swamp:4  | Entered Level 4 of the Swamp
 31372 | Swamp:4  | Offered knowledge of Conjure Ball Lightning by Vehumet.
 31376 | Swamp:4  | Noticed a bone dragon
 31448 | Swamp:4  | Killed a bone dragon
 31772 | Swamp:4  | Gained mutation: When hurt, damage is shared between your
                  | health and your magic reserves. [demonic ancestry]
 31772 | Swamp:4  | Reached XP level 17. HP: 122/122 MP: 26/33
 31831 | Swamp:4  | Got a decaying rune of Zot
 32125 | Vaults:1 | Entered Level 1 of the Vaults
 32154 | Vaults:1 | Noticed Nikola
 32229 | Vaults:1 | Killed Nikola
 32313 | Vaults:1 | Reached skill level 10 in Earth Magic
 33385 | Vaults:1 | Reached skill level 12 in Conjurations
 34440 | Vaults:2 | Found Upeal's Book Boutique.
 34444 | Vaults:2 | Bought Zomp's Excursus on the Igneous Brume for 578 gold
                  | pieces
 34444 | Vaults:2 | Bought an Inescapable Atlas for 544 gold pieces
 34447 | Vaults:2 | Learned a level 2 spell: Blink
 34463 | Vaults:2 | Found Judoekar's Weapon Shoppe.
 34494 | Vaults:2 | Found Ovinny's Magic Scroll Boutique.
 34498 | Vaults:2 | Bought a scroll of enchant armour for 120 gold pieces
 34512 | Vaults:2 | Noticed Boris
 34663 | Vaults:2 | Noticed Mara
 34671 | Vaults:2 | Killed Mara
 34770 | Vaults:2 | Noticed Saint Roka
 34801 | Vaults:2 | Found Ibeob's General Store.
 34815 | Vaults:2 | Noticed Zenata
 34817 | Vaults:2 | Gained mutation: You are mostly covered in large bone
                  | plates. (SH +6) [demonic ancestry]
 34817 | Vaults:2 | Reached XP level 18. HP: 110/131 MP: 10/35
 34925 | Vaults:2 | Killed Saint Roka
 35078 | Vaults:2 | Found a staircase to the Crypt.
 35078 | Vaults:2 | Found an ancient bone altar of Kikubaaqudgha.
 35078 | Vaults:2 | Found a basalt altar of Yredelemnul.
 35095 | Vaults:2 | Found Quogh's Assorted Antiques.
 35141 | Vaults:2 | Offered knowledge of Lehudib's Crystal Spear by Vehumet.
 35141 | Vaults:2 | Offered knowledge of Shatter by Vehumet.
 35141 | Vaults:2 | Offered knowledge of Chain Lightning by Vehumet.
 35946 | Vaults:2 | Killed Boris
 36062 | Vaults:2 | Killed Zenata
 36872 | Vaults:3 | Reached skill level 13 in Conjurations
 37129 | Vaults:3 | Found a crumbling gateway.
 37365 | Desolati | Entered the Desolation of Salt
 37515 | Desolati | Got the Anthology of Telluric Impulse
 37634 | Desolati | Identified the +7 scale mail of Tyoff {Dex+3}
 37637 | Desolati | Identified the +3 steam dragon scales of Xalaovuf {Int+2}
 37661 | Desolati | Identified the +2 robe of the Fife {Will+}
 37760 | Desolati | Gained mutation: Your magical and physical power is
                  | slightly enhanced at high health. [demonic ancestry]
 37760 | Desolati | Reached XP level 19. HP: 136/136 MP: 16/36
 37964 | Desolati | Got the Information on the Tempest
 38010 | Desolati | Identified the ring "Teosif" {Ice Will+ Int-3 Dex+3 SInv}
 38094 | Desolati | Identified the +4 ring mail of Kopyo {rF+}
 40067 | Orc:2    | Bought a potion of mutation for 96 gold pieces
 40067 | Orc:2    | Bought 2 potions of heal wounds for 120 gold pieces
 40067 | Orc:2    | Bought a potion of brilliance for 48 gold pieces
 40067 | Orc:2    | Bought a potion of heal wounds for 60 gold pieces
 40067 | Orc:2    | Bought a potion of curing for 36 gold pieces
 40067 | Orc:2    | Lost mutation: You are frail. (-10% HP) [potion of
                  | mutation]
 40067 | Orc:2    | Lost mutation: Your mind is acute. (Int +4, Str/Dex -1)
                  | [potion of mutation]
 40067 | Orc:2    | Gained mutation: You have sharp toenails. [potion of
                  | mutation]
 40067 | Orc:2    | Gained mutation: Your flesh is heat resistant. (rF+)
                  | [potion of mutation]
 40965 | Vaults:4 | Reached skill level 14 in Conjurations
 41222 | Vaults:4 | Identified the +2 helmet of the Gusle {-Cast rPois Str+3}
 41559 | Vaults:4 | Found a radiant altar of Vehumet.
 41616 | Vaults:4 | Identified the +1 robe of the Hunter {Dex+3}
 41696 | Vaults:4 | Gained mutation: Your magical and physical power is
                  | enhanced at high health. [demonic ancestry]
 41696 | Vaults:4 | Reached XP level 20. HP: 111/159 MP: 8/38
 42308 | Swamp:3  | Killed Gudivaci's ghost
 42348 | Swamp:3  | Identified the ring of Paranoia {Fly rC+ rCorr}
 42364 | Swamp:3  | Learned a level 9 spell: Fire Storm
 42685 | Depths:1 | Entered Level 1 of the Depths
 43086 | Elf:1    | Entered Level 1 of the Elven Halls
 43350 | Elf:1    | Paralysed by an air elemental for 1 turns
 43672 | Elf:1    | Found the +0 mask of the Dragon {Will+ Slay+3 SInv}
 43673 | Elf:1    | Found a runed translucent gate.
 43673 | Elf:1    | Found a runed translucent gate.
 43673 | Elf:1    | Found a runed translucent gate.
 43673 | Elf:1    | Found a runed translucent gate.
 43673 | Elf:1    | Found a runed translucent gate.
 43674 | Elf:1    | Found a runed translucent gate.
 43886 | Elf:1    | Paralysed by an air elemental for 1 turns
 44411 | Elf:2    | Found a runed translucent gate.
 44412 | Elf:2    | Found a runed translucent gate.
 44412 | Elf:2    | Found a runed translucent gate.
 44453 | Elf:2    | Paralysed by an air elemental for 1 turns
 44457 | Elf:2    | Paralysed by an air elemental for 1 turns
 44459 | Elf:2    | Paralysed by an air elemental for 1 turns
 44476 | Elf:2    | Reached skill level 15 in Conjurations
 45322 | Elf:2    | Reached skill level 1 in Shields
 45462 | Elf:2    | Reached skill level 15 in Spellcasting
 45629 | Elf:3    | Entered Level 3 of the Elven Halls
 45915 | Elf:3    | Reached skill level 15 in Stealth
 45935 | Elf:3    | Reached XP level 21. HP: 125/165 MP: 5/40
 46142 | Elf:3    | Reached skill level 15 in Fire Magic
 46318 | Elf:3    | Reached skill level 16 in Conjurations
 46330 | Elf:3    | Found the ring of the Octopus King {HP+2 MP+9 AC+2 EV+2
                  | SH+2}
 46386 | Elf:3    | Identified the +7 whip "Ohogoatu" {flame, rN+ rCorr}
 46390 | Elf:3    | Identified the +4 flail of Acwiengu {pain, rC- Dex+5 SInv}
 46555 | Elf:3    | Found the +7 Spriggan's Knife {stab, EV+4 Stlth+}
 46570 | Elf:3    | Identified the ring of Bocs {Int+2 Dex+6}
 46572 | Elf:3    | Identified the +0 pair of gloves "Nengok" {rPois Slay+3}
 46608 | Elf:3    | Got the Handbook of Unified Vicissitude
 46631 | Elf:3    | Identified the +4 longbow of the Past {antimagic, rN++
                  | Str+8 Stlth-}
 47097 | Crypt:1  | Entered Level 1 of the Crypt
 47390 | Crypt:1  | Reached skill level 5 in Shields
 48872 | Crypt:3  | Entered Level 3 of the Crypt
 49268 | Crypt:3  | Gained mutation: Your magical and physical power is greatly
                  | enhanced at high health. [demonic ancestry]
 49268 | Crypt:3  | Reached XP level 22. HP: 172/172 MP: 32/41
 49294 | Crypt:3  | Reached skill level 15 in Dodging
 49346 | Crypt:3  | Reached skill level 17 in Conjurations
 49704 | Crypt:3  | Found an ancient bone altar of Kikubaaqudgha.
 49744 | Crypt:3  | Noticed a dread lich
 49749 | Crypt:3  | Killed a dread lich
 49958 | Crypt:3  | Got Gloorx Vloq's Meditations on Shadows
 50461 | Crypt:3  | Found a staircase to the Tomb.
 51064 | Depths:1 | Identified the +3 demon whip of the Ancients {pain, rElec
                  | Str-3 Int+2}
 51073 | Depths:1 | Found a gateway to Hell.
 51378 | Depths:1 | Found a one-way gateway to a ziggurat.
 51677 | Depths:1 | Found the +10 morningstar "Eos" {elec, Halo rElec}
 52020 | Depths:2 | Found a transporter.
 52029 | Depths:2 | Found a radiant altar of Vehumet.
 52032 | Depths:2 | Noticed a dread lich
 52184 | Depths:2 | Found a one-way gate leading to the halls of Pandemonium.
 52268 | Depths:2 | Reached skill level 18 in Conjurations
 52994 | Depths:2 | Identified the +7 dire flail of Purpose {freeze, Int+5}
 53042 | Depths:2 | Reached XP level 23. HP: 178/178 MP: 37/43
 53433 | Depths:3 | Noticed a juggernaut
 53439 | Depths:3 | Killed a juggernaut
 53743 | Depths:3 | Reached skill level 15 in Earth Magic
 54005 | Depths:3 | Noticed a juggernaut
 54009 | Depths:3 | Killed a juggernaut
 54219 | Depths:3 | Got the Catalogue of Disgusting Frostbite
 54312 | Depths:3 | Identified the +4 chain mail of the Stopping Gods {rF- rC+
                  | Dex+4}
 55030 | Depths:3 | Reached skill level 19 in Conjurations
 55038 | Depths:3 | Paralysed by a sphinx for 4 turns
 55276 | Depths:4 | Entered Level 4 of the Depths
 55297 | Depths:4 | Found Verufu's Book Emporium.
 55338 | Depths:4 | Noticed a caustic shrike
 55860 | Depths:4 | Found a gate to the Realm of Zot.
 55893 | Depths:4 | Noticed a caustic shrike
 55894 | Depths:4 | Noticed a caustic shrike
 55895 | Depths:4 | Killed a caustic shrike
 55895 | Depths:4 | Noticed a caustic shrike
 55896 | Depths:4 | Noticed a caustic shrike
 55897 | Depths:4 | Killed a caustic shrike
 55898 | Depths:4 | Noticed a caustic shrike
 55899 | Depths:4 | Noticed a caustic shrike
 55900 | Depths:4 | Killed a caustic shrike
 55900 | Depths:4 | Noticed a caustic shrike
 55901 | Depths:4 | Noticed a caustic shrike
 56051 | Depths:4 | Reached XP level 24. HP: 185/185 MP: 38/43
 56917 | Vaults:5 | Entered Level 5 of the Vaults
 57075 | Vaults:5 | Reached skill level 20 in Conjurations
 57631 | Vaults:5 | Identified the +1 leather armour of Hirenwok {Regen+ Str-2
                  | Int+2 Dex+3 Stlth+}
 57832 | Vaults:5 | Got the Volume of the Inferno and Aeromancy
 57847 | Vaults:5 | Identified the ring "Amaha" {rElec rPois Str+2 SInv}
 57863 | Vaults:5 | Got a silver rune of Zot
 58001 | Vaults:5 | Found Marudann's Antique Weapon Boutique.
 58076 | Vaults:5 | Identified the +5 scale mail "Nearej" {rCorr}
 58203 | Vaults:5 | Identified the +6 quarterstaff "Demonslayer" {drain, rC-
                  | Str+5}
 58916 | Slime:1  | Entered Level 1 of the Pits of Slime
 59479 | Slime:4  | Reached skill level 21 in Conjurations
 60433 | Slime:1  | Gained mutation: Your demonic aura causes all spilled blood
                  | to erupt in flames. [demonic ancestry]
 60433 | Slime:1  | Reached XP level 25. HP: 184/191 MP: 21/44
 60816 | Slime:2  | Noticed Dissolution
 60820 | Slime:2  | Killed Dissolution
 60984 | Slime:3  | Gained mutation: Your spells are a little easier to cast,
                  | but a little less powerful. [a shining eye]
 60986 | Slime:3  | Lost mutation: You are agile. (Dex +4, Str/Int -1) [potion
                  | of mutation]
 60986 | Slime:3  | Lost mutation: Your flesh is heat resistant. (rF+) [potion
                  | of mutation]
 60986 | Slime:3  | Lost mutation: Your spells are a little easier to cast, but
                  | a little less powerful. [potion of mutation]
 60986 | Slime:3  | Gained mutation: You are vulnerable to cold. (rC-) [potion
                  | of mutation]
 60986 | Slime:3  | Gained mutation: Your mind is acute. (Int +4, Str/Dex -1)
                  | [potion of mutation]
 60986 | Slime:3  | Gained mutation: Your mind is very acute. (Int +8, Str/Dex
                  | -2) [potion of mutation]
 60987 | Slime:3  | Lost mutation: You have sharp toenails. [potion of
                  | mutation]
 60987 | Slime:3  | Lost mutation: Your mind is very acute. (Int +8, Str/Dex
                  | -2) [potion of mutation]
 60987 | Slime:3  | Lost mutation: You are vulnerable to cold. (rC-) [potion of
                  | mutation]
 60987 | Slime:3  | Gained mutation: You have sharp toenails. [potion of
                  | mutation]
 60987 | Slime:3  | Gained mutation: You are strong-willed. (Will+) [potion of
                  | mutation]
 60987 | Slime:3  | Gained mutation: Your system is resistant to poisons.
                  | (rPois) [potion of mutation]
 61745 | Slime:5  | Entered Level 5 of the Pits of Slime
 61900 | Slime:5  | Gained mutation: You are weak. (Str -2) [a shining eye]
 61946 | Slime:5  | Found a viscous altar of Jiyva.
 62086 | Slime:5  | Noticed the Royal Jelly
 62089 | Slime:5  | Killed the Royal Jelly
 62378 | Slime:5  | Identified the +1 double sword "Killer Bee's Peril"
                  | {freeze, rC+ Stlth+}
 62399 | Slime:5  | Identified the +4 dagger of Greed {elec, rPois Will+ Str+2
                  | Dex-4}
 62407 | Slime:5  | Identified the ring "Zaecwin" {rElec rPois rC- Int+6 Dex+5}
 62416 | Slime:5  | Identified the +1 pair of gloves of the Fifty Wonders {Harm
                  | *Slow rC+++ Slay-3}
 62443 | Slime:5  | Identified the +4 ring mail "Ynesim" {rElec Str+4 Dex-4}
 62447 | Slime:5  | Got a slimy rune of Zot
 62448 | Slime:5  | Identified the +11 scimitar of Qazlal's Benevolence {drain,
                  | rF+ Int+2}
 62606 | Slime:5  | Lost mutation: Your system is resistant to poisons. (rPois)
                  | [potion of mutation]
 62606 | Slime:5  | Lost mutation: You have sharp toenails. [potion of
                  | mutation]
 62606 | Slime:5  | Lost mutation: Your mind is acute. (Int +4, Str/Dex -1)
                  | [potion of mutation]
 62606 | Slime:5  | Gained mutation: You are occasionally teleported next to
                  | monsters. [potion of mutation]
 62606 | Slime:5  | Gained mutation: Your spells are a little harder to cast,
                  | but a little more powerful. [potion of mutation]
 62607 | Slime:5  | Lost mutation: You are weak. (Str -2) [potion of mutation]
 62607 | Slime:5  | Lost mutation: You are occasionally teleported next to
                  | monsters. [potion of mutation]
 62607 | Slime:5  | Gained mutation: Your spells are harder to cast, but more
                  | powerful. [potion of mutation]
 62607 | Slime:5  | Lost mutation: You are strong-willed. (Will+) [potion of
                  | mutation]
 62607 | Slime:5  | Gained mutation: Your muscles are strong. (Str +4, Int/Dex
                  | -1) [potion of mutation]
 63067 | Zot:1    | Entered Level 1 of the Realm of Zot
 63344 | Zot:1    | Reached skill level 22 in Conjurations
 63449 | Zot:1    | Reached skill level 10 in Shields
 63538 | Zot:1    | Noticed an orb of fire
 63541 | Zot:1    | Killed an orb of fire
 63633 | Zot:1    | Gained mutation: You are frail. (-10% HP) [mutagenic glow]
 63649 | Zot:1    | Acquired 750 gold pieces
 63653 | Zot:1    | Lost mutation: Your muscles are strong. (Str +4, Int/Dex
                  | -1) [mutagenic glow]
 64195 | Zot:1    | Reached skill level 23 in Conjurations
 64699 | Zot:2    | Gained mutation: You are completely covered in large bone
                  | plates. (SH +8) [demonic ancestry]
 64699 | Zot:2    | Reached XP level 26. HP: 178/178 MP: 40/45
 65043 | Zot:2    | Identified the ring "Wetic" {*Corrode rElec MP+9 Int+3}
 65410 | Zot:3    | Identified the ring "Vehoipue" {Ice rElec}
 65410 | Zot:3    | Noticed Josephina
 65755 | Zot:3    | HP: 6/175 [Josephina/staff of cold (44)]
 65755 | Zot:3    | Mangled by Josephina

Illustrated notes

Levels and vault maps discovered:
D:1:      lemuel_arrival_funnel, layout_basic, serial_shops,
          nicolae_shop_competitors_out_of_business, basic_ecumenical_altar,
          serial_co_window_serial, co_window_paths_a, co_window_corner_a,
          co_window_of_opportunity_a, co_window_paths_a,
          co_window_of_opportunity_a, co_window_2corner, co_window_broadway_b,
          co_window_2corner, co_window_corner_cb, co_window_corner_ca,
          co_window_paths_c, glass_columns_c
D:2:      layout_loops_ring, uniq_jessica
D:3:      layout_basic, kennysheep_okawaru_gauntlet,
          gammafunk_ghost_nasty_kobolds, minmay_liquid_box,
          minmay_goblin_kobold_house
D:4:      layout_basic, gammafunk_ghost_cemetery
D:5:      layout_loops_cross, mainiacjoe_overflow_concentric_impassable,
          lemuel_round_altar, minmay_temple_entry_hall, minmay_circle_x
D:6:      kennysheep_windowed_halls, layout_basic,
          mainiacjoe_overflow_surrounded_room, mainiacjoe_overflow_paths,
          mainiacjoe_overflow_cross_hatched, portal_sewer_entry_a
D:7:      layout_gridville, biasface_ghost_orc_armoury, uniq_maggie
D:8:      gammafunk_the_bubble [the_bubble_gammafunk_plus_minus],
          layout_loops_ring, nicolae_hepliaklqana_hippocampus,
          lemuel_round_altar, kennysheep_little_box, nicolae_uskayaw_suspiria,
          kennysheep_mini, lair_entry_dummy, nzn_life_drinkers, uniq_grum,
          uniq_joseph
D:9:      layout_basic, elyvilon_altar_3
D:10:     layout_roguey, serial_shops, nicolae_inconvenience_store,
          nicolae_lava_and_water, nicolae_two_hexagons, wad_dig_loot, uniq_erica
D:11:     layout_basic, zombieorc2_lemuel, minmay_bent
D:12:     layout_layer_cave
D:13:     layout_long_grid, david_vaults_2
D:14:     layout_rooms, grunt_gozag_statues
D:15:     gammafunk_enter_depths_forms, layout_small_grid,
          nicolae_ashenzari_skybound, uniq_louise
Temple:   eino_wide_crystal_templ
Lair:1:   layout_gridlike, grunt_megastairs_3, lemuel_fruit_fields,
          uniq_gastronok
Lair:2:   layout_roguey, wad_woods_river_01, serial_bayou_shore_b
Lair:3:   layout_regular_city, palyth_hydra_swamp_entry,
          minmay_snake_entry_guardpost_medium, serial_bayou_shore_b,
          lemuel_fruit_fields
Lair:4:   layout_roguey [special_room_mythical_zoo], slime_entry_1,
          portal_ice_cave_entry_ice_simulacra, grunt_megastairs_5
Lair:5:   due_jungle_book, layout_cave_pods, gammafunk_ghost_abyssal_escape,
          lemuel_fruit_tree
Swamp:1:  layout_basic_swamp, evilmike_swamp_ruin_rubble_2, swamp_pool3,
          nicolae_swamp_orc_logging_accident, nicolae_swamp_fairy_circle
Swamp:2:  layout_basic_swamp, evilmike_swamp_ruin_house_6
Swamp:3:  layout_basic_swamp, ebering_ghost_inner_flame,
          evilmike_swamp_ruin_house_3, swamp_pool1
Swamp:4:  swamp_pestilence, layout_basic_swamp, hangedman_swamp_blocks,
          swamp_pool4
Slime:1:  layout_caves
Slime:2:  layout_caves, uniq_dissolution
Slime:3:  layout_caves
Slime:4:  layout_caves
Slime:5
Orc:1:    layout_caves, kennysheep_orc_chapel
Orc:2:    st_orc_ogre_mass, layout_diamond_mine, maelrawn_ghost_gauntlet_escape,
          serial_shops, shop, mines3_lemuel
Elf:1:    elf_arrival_002, layout_gridlike, orc_legates
Elf:2:    nicolae_elf_blades_crystal_corner, layout_gridlike
Elf:3:    minmay_elf_hall_hex, layout_geoelf_octagon
Vaults:1: hangedman_vaults_nails, hangedman_vaults_capsules,
          nicolae_vaults_little_squares_4, nicolae_vaults_what_the_h,
          ontoclasm_vaults_ring_square, ontoclasm_vaults_pinch,
          vaults_dpeg_emergency_exit, layout_vaults_quadrants, uniq_nikola
Vaults:2: minmay_crypt_entry_necro_gods, grunt_vaults_hallway_short,
          v_alt_pattern_2, nicolae_vaults_big_ls, ontoclasm_vaults_twist,
          hangedman_vaults_stitches, ontoclasm_vaults_fault,
          layout_vaults_chaotic_city, serial_shops, shop_statue,
          nicolae_shop_bloodbath_and_beyond, nicolae_shop_crystal, shop, shop,
          uniq_boris, uniq_saint_roka, uniq_zenata, uniq_mara
Vaults:3: portal_desolation_entry_holy_temple, hangedman_vaults_corner_blocks,
          ontoclasm_vaults_gallery, ontoclasm_vaults_tryst,
          hangedman_vaults_locks, v_misc_28, nicolae_vaults_network_barrier,
          v_misc_22, v_misc_8, nicolae_vaults_circle_grid_a,
          nicolae_vaults_little_squares_1, nicolae_vaults_shelves_hall,
          v_misc_15, v_misc_23, v_misc_10, nicolae_vaults_yaktaur_gun_rack,
          vaults_room_corners, layout_vaults_omnibox
Vaults:4: vaults_room_corners, hangedman_vaults_slice, hangedman_vaults_nodes,
          v_misc_9, vaults_room_stairs_pillars, v_misc_30, grunt_tower_of_power,
          vaults_dpeg_hooks, hangedman_vaults_cutoff,
          nicolae_vaults_little_squares_4, ontoclasm_vaults_gateway,
          nicolae_vaults_little_squares_4, layout_vaults_ring
Vaults:5
Crypt:1:  layout_misc_corridors
Crypt:2:  layout_misc_corridors, roderic_lattice_octagonal_star
Crypt:3:  church_of_pain_bobbens, layout_chaotic_city, uniq_margery
Depths:1: layout_gridlike, enter_ziggurat_c, nicolae_twisting_strands,
          hellmouth_1, minmay_orc_keep
Depths:2: gammafunk_sealed_library, layout_cave_shapes,
          kennysheep_big_empty_room, rand_demon_pan_entry_4, hell_entry,
          hangedman_abyss_entry_splay
Depths:3: minmay_four_inscribed_fans, layout_honeycomb, minmay_misc_feat_chi,
          rand_demon_pan_entry_1, abyss_entry, hangedman_tar_grid_catacomb,
          dk_noncrumbling_2
Depths:4: evilmike_zot_entry_basic, layout_gridlike, hell_entry,
          serial_bayou_shore_b, minmay_shop_star
Zot:1:    lemuel_halls_of_wrath, layout_basic
Zot:2:    layout_misc_corridors, grunt_megastairs_2, lemuel_elevator
Zot:3:    grunt_twist_and_shout, layout_onion_interference, uniq_josephina

Skill      XL: |  1  2  3  4  5  6  7  8  9 10 11 12 13 14 15 16 17 18 19 20 21 22 23 24 25 26 |
---------------+-------------------------------------------------------------------------------+-----
Stealth        | 2 3 4 6 7 8 9 10 11 12 13 14 15 16 17 | 17.0
Dodging        | 2 3 4 5 6 7 8 9 10 11 12 13 14 15 16 17 | 17.0
Fighting       | 1 2 3 4 5 6 8 9 10 11 12 13 14 | 14.0
Fire Magic     | 3 4 5 6 7 8 9 10 11 12 13 14 15 16 17 | 17.0
Conjurations   | 2 3 4 6 7 8 9 10 11 12 13 14 15 16 18 19 21 23 | 23.9
Spellcasting   | 3 4 5 6 7 8 9 10 12 13 14 15 16 17 18 | 18.1
Earth Magic    | 3 9 10 11 12 13 14 15 16 17 | 17.0
Shields        | 2 5 6 7 11 13 | 13.0

Action                   |  1- 3 |  4- 6 |  7- 9 | 10-12 | 13-15 | 16-18 | 19-21 | 22-24 | 25-27 || total
-------------------------+-------+-------+-------+-------+-------+-------+-------+-------+-------++-------
Melee: Dagger            |    30 |     6 |       |       |       |       |       |       |       ||    36
       Punch             |     1 |       |       |       |     1 |     1 |       |       |       ||     3
       Staff             |       |    17 |     4 |    14 |    18 |    20 |    45 |    12 |     5 ||   135
       Tailslap          |       |       |       |     5 |     4 |     5 |     8 |     4 |     1 ||    27
 Cast: Foxfire           |    36 |    59 |   108 |   220 |   246 |       |       |       |       ||   669
       Scorch            |    11 |    39 |    57 |   140 |   274 |       |       |       |       ||   521
       Inner Flame       |       |     1 |    73 |   189 |   312 |    20 |       |       |       ||   595
       Flame Wave        |       |       |       |    20 |     8 |       |       |       |       ||    28
       Stone Arrow       |       |       |       |    10 |   328 |    88 |    45 |    10 |       ||   481
       Irradiate         |       |       |       |       |     6 |     4 |       |       |       ||    10
       Iron Shot         |       |       |       |       |     8 |   487 |   645 |   596 |   298 ||  2034
       Fireball          |       |       |       |       |       |   178 |   121 |    61 |       ||   360
       Ignition          |       |       |       |       |       |       |       |    49 |    25 ||    74
Evoke: Wand              |       |       |       |       |     1 |       |       |       |       ||     1
  Use: Potion            |     1 |       |     6 |     1 |     4 |    12 |     1 |     7 |     7 ||    39
       Scroll            |       |    12 |     5 |     4 |    14 |    12 |     5 |     7 |     3 ||    62
 Stab: Sleeping          |     1 |       |       |       |       |       |       |       |       ||     1
Armor: Robe              |     9 |     5 |       |       |       |       |       |       |       ||    14
       Leather armour    |       |       |    15 |     7 |       |       |       |       |       ||    22
       Troll leather arm |       |       |       |    23 |   102 |    77 |    41 |    21 |    13 ||   277
Dodge: Dodged            |    26 |    45 |    84 |   120 |   291 |   210 |   187 |   137 |    59 ||  1159
Block: Other             |    11 |    13 |    19 |    40 |    72 |    61 |    50 |       |       ||   266
       Buckler           |       |       |       |       |       |       |    59 |   100 |       ||   159
       Kite shield       |       |       |       |       |       |       |       |       |    72 ||    72

Table legend: (Time is in decaauts)
 A = Elapsed time spent in this place.
 B = Non-inter-level travel time spent in this place.
 C = Inter-level travel time spent in this place.
 D = Time resting spent in this place.
 E = Time spent auto-exploring this place.
 F = Levels seen in this place.
 G = Mean time per level.
                   A        B        C        D        E       F      G
               +--------+--------+--------+--------+--------+-----+--------+
         Total |  66283 |  58630 |   7653 |    607 |  45293 |  51 | 1299.7 |
       Dungeon |  20684 |  17512 |   3172 |    114 |  14285 |  15 | 1378.9 |
        Temple |     59 |     49 |     10 |      0 |     38 |   1 |   59.0 |
          Lair |   7661 |   6591 |   1070 |    416 |   4670 |   5 | 1532.2 |
         Swamp |   4725 |   4185 |    540 |     38 |   3066 |   4 | 1181.2 |
    Slime Pits |   2930 |   2662 |    268 |     26 |   2070 |   5 |  586.0 |
  Orcish Mines |   2175 |   1974 |    201 |      0 |   1533 |   2 | 1087.5 |
   Elven Halls |   3805 |   3538 |    267 |      6 |   2644 |   3 | 1268.3 |
        Vaults |  10285 |   9091 |   1194 |      7 |   6884 |   5 | 2057.0 |
         Crypt |   3644 |   3530 |    114 |      0 |   2714 |   3 | 1214.7 |
        Depths |   6351 |   5766 |    585 |      0 |   4710 |   4 | 1587.8 |
           Zot |   2689 |   2465 |    224 |      0 |   1886 |   3 |  896.3 |
    Desolation |   1269 |   1269 |      0 |      0 |    791 |   1 | 1269.0 |
               +--------+--------+--------+--------+--------+-----+--------+

Top non-repeatable levels by time:
Vaults:1: 2772 daAuts
Vaults:2: 2399 daAuts
Depths:3: 2151 daAuts
     D:3: 2145 daAuts
     D:6: 2134 daAuts
  Lair:5: 1992 daAuts
Vaults:4: 1874 daAuts
  Lair:2: 1819 daAuts
     D:8: 1775 daAuts
Vaults:3: 1751 daAuts
   Orc:2: 1719 daAuts
 Swamp:4: 1653 daAuts
 Crypt:3: 1635 daAuts
    D:15: 1620 daAuts
   Zot:1: 1573 daAuts
